Map: Ascension to Aiur LE

Players

MMcolacNL

  • Race: Zerg Zerg
  • League: Grandmaster
  • Spawn Location: 5:00

NOTAKON - Winner!

  • Race: Terran Terran
  • League: Master
  • Spawn Location: 11:00

VOD

Have the link to the VOD?

Description

Time

  • Played on: Jan. 1, 2018, 9:42 a.m.
  • Length: 9:48
Show
View Real Time Build Order
Export as new Build Order

MMcolacNL Zerg 

Build Orders: Hatch First 

Get SALT Encoding   

  12  0:01  Drone  
  13  0:13  Overlord  
  13  0:17  Drone  
  14  0:23  Extractor, Drone  
  15  0:31  Drone  
  15  0:35  Drone  
  17  0:51  Hatchery  
  17  0:55  Drone  
  17  0:58  Drone  
  18  1:09  Extractor  
  17  1:12  Spawning Pool  
  17  1:15  Drone  
  17  1:19  Drone  
  18  1:29  Drone  
  19  1:41  Drone  
  20  1:54  Overlord  
  20  2:02  Drone  
  20  2:06  Queen  
  20  2:07  Queen  
  25  2:17  Hatchery  
  25  2:19  Drone  
  25  2:22  Drone  
  26  2:25  Drone  
  26  2:27  Drone  
  28  2:30  Drone  
  28  2:35  Metabolic Boost  
  29  2:39  Drone  
  29  2:40  Drone  
  31  2:47  Drone x2  
  33  2:55  Overlord  
  34  2:58  Drone  
  34  3:08  Drone x2  
  36  3:15  Drone x2  
  36  3:16  Drone  
  36  3:19  Drone x3  
  42  3:22  Drone  
  42  3:25  Overlord  
  43  3:29  Queen x3  
  43  3:31  Zergling x2  
  50  3:43  Zergling x6  
  50  3:44  Zergling x2  
  54  3:50  Zergling x2  
  54  3:51  Zergling x6  
  54  3:52  Overlord  
  58  3:58  Overlord  
  58  4:03  Baneling Nest  
  58  4:07  Overlord  
  57  4:13  Queen  
  59  4:17  Queen  
  59  4:18  Drone x2  
  59  4:19  Drone x4  
  59  4:24  Lair  
  67  4:25  Drone  
  67  4:27  Overlord  
  67  4:29  Drone  
  67  4:31  Extractor  
  65  4:40  Drone x4  
  65  4:41  Drone x4  
  65  4:44  Drone x3  
  76  4:47  Spore Crawler  
  76  4:49  Spore Crawler  
  76  4:51  Spore Crawler  
  73  4:54  Drone x2  
  73  4:57  Overlord  
  75  5:11  Drone x5  
  80  5:15  Extractor x2  
  80  5:18  Evolution Chamber  
  80  5:19  Evolution Chamber  
  76  5:22  Overseer  
  76  5:24  Drone x6  
  76  5:28  Extractor  
  81  5:40  Drone x4  
  85  5:46  Zerg Ground Armor Level 1, Zerg Missile Weapons Level 1, Hydralisk Den  
  85  5:49  Drone x5  
  89  5:51  Overlord x3  
  89  5:53  Extractor  
  89  5:54  Baneling x4  
  88  6:01  Drone  
  88  6:02  Drone  
  90  6:09  Hatchery  
  89  6:31  Hatchery  
  89  6:32  Zergling x24  
  96  6:40  Zergling x4  
  96  6:41  Zergling x8  
  102  6:54  Muscular Augments  
  102  6:56  Infestation Pit  
  102  6:57  Hydralisk x3  
  102  6:58  Evolution Chamber, Hydralisk x3  
  102  7:01  Hydralisk  
  112  7:04  Overlord x5  
  114  7:19  Overlord x2  
  114  7:27  Hydralisk  
  114  7:28  Hydralisk x5  
  126  7:36  Hydralisk x3  
  126  7:43  Drone x4  
  129  7:45  Drone x2  
  129  7:48  Drone  
  129  7:50  Zerg Melee Weapons Level 1  
  132  7:54  Drone x2  
  132  7:57  Drone  
  135  8:03  Drone  
  135  8:04  Drone  
  137  8:10  Baneling  
  137  8:11  Baneling x17  
  136  8:21  Hydralisk x2  
  109  8:36  Hydralisk x4  
  109  8:40  Hydralisk x3  
  104  8:43  Zergling x20  
  104  8:46  Overseer  
  104  8:48  Zergling x4  
  114  8:51  Zergling x2  
  114  8:52  Zergling x4  
  114  8:54  Zergling x2  
  118  8:57  Zergling x2  
  117  9:05  Hydralisk x2  
  117  9:09  Hydralisk x4  
  102  9:13  Hydralisk  
  102  9:16  Hydralisk  
Show
View Real Time Build Order
Export as new Build Order

NOTAKON Terran - Winner!

Build Orders: Command Center First (CC), Hellion Banshee 

Get SALT Encoding   

  12  0:00  SCV  
  13  0:13  SCV  
  14  0:17  Supply Depot  
  14  0:25  SCV  
  15  0:39  SCV  
  16  0:51  SCV  
  17  1:01  Command Center  
  17  1:03  SCV  
  18  1:15  Barracks  
  18  1:18  SCV  
  18  1:25  Refinery  
  19  1:30  SCV  
  20  1:39  Refinery  
  20  1:42  SCV  
  21  1:55  SCV  
  22  2:06  Marine  
  22  2:07  Orbital Command  
  23  2:13  Orbital Command  
  23  2:24  Marine  
  23  2:26  Bunker  
  24  2:31  Factory  
  24  2:35  SCV  
  25  2:41  SCV  
  26  2:44  Barracks Reactor  
  26  2:47  SCV  
  27  2:53  SCV  
  28  2:59  SCV, Supply Depot  
  28  3:05  SCV  
  30  3:11  SCV  
  31  3:17  SCV  
  32  3:20  Starport  
  32  3:23  SCV  
  32  3:24  Hellion x2  
  37  3:31  Supply Depot  
  37  3:32  Supply Depot  
  37  3:33  Barracks Tech Lab, SCV  
  38  3:37  SCV  
  39  3:45  SCV  
  39  3:46  Hellion x2  
  44  3:49  SCV  
  44  3:54  Supply Depot  
  45  3:57  SCV  
  45  4:01  SCV  
  47  4:06  Banshee, Cloaking Field  
  47  4:07  Hellion x2  
  47  4:09  SCV  
  55  4:13  SCV  
  56  4:21  Factory  
  56  4:22  Armory  
  56  4:23  SCV, Factory  
  57  4:28  Refinery  
  57  4:29  SCV  
  58  4:31  Refinery  
  58  4:33  Hellion  
  60  4:41  SCV x2, Hellion  
  56  4:53  SCV x2  
  56  4:54  Banshee, Hellion  
  56  4:55  Supply Depot  
  63  5:03  Hellion  
  63  5:05  SCV x2  
  67  5:13  Factory Tech Lab x2  
  67  5:14  Terran Vehicle Weapons Level 1  
  67  5:16  Hellion  
  69  5:22  Command Center  
  69  5:24  SCV, Hellion  
  69  5:25  SCV  
  73  5:36  SCV  
  73  5:41  Supply Depot  
  74  5:44  Banshee  
  74  5:47  SCV, Supply Depot  
  78  6:02  Thor  
  78  6:03  Hellion  
  86  6:06  Infernal Pre-Igniter  
  86  6:08  Thor  
  86  6:09  SCV  
  93  6:15  Supply Depot  
  93  6:18  SCV  
  94  6:27  SCV, Hellion  
  94  6:34  SCV  
  94  6:39  SCV  
  92  6:41  Hellion  
  92  6:43  Banshee, Orbital Command  
  92  6:45  Thor  
  92  6:46  SCV  
  104  6:51  SCV  
  105  6:56  Thor  
  105  6:58  SCV  
  112  7:03  SCV, Supply Depot  
  112  7:04  Supply Depot  
  112  7:06  Hellion  
  112  7:07  Hellion  
  114  7:09  SCV  
  114  7:10  Refinery, SCV  
  114  7:15  SCV  
  117  7:19  Terran Vehicle And Ship Armor Level 1  
  117  7:23  Supply Depot  
  117  7:24  SCV x2, Supply Depot  
  117  7:25  Refinery  
  117  7:28  Thor  
  124  7:30  SCV  
  124  7:36  SCV x2  
  120  7:38  Hellion x2  
  120  7:39  Thor  
  120  7:42  SCV  
  131  7:48  SCV  
  131  7:49  Banshee, SCV  
  136  7:54  SCV  
  137  8:00  SCV  
  137  8:01  SCV  
  139  8:07  SCV  
  140  8:13  SCV  
  141  8:20  Thor  
  141  8:21  Hellion  
  149  8:27  SCV x2  
  149  8:31  SCV  
  149  8:32  Banshee  
  137  8:39  SCV x2  
  127  8:41  Thor  
  127  8:42  Hellion  
  127  8:43  SCV  
  136  8:51  SCV  
  136  8:52  Hellion  
  136  8:53  SCV  
  140  8:56  SCV  
  141  9:03  SCV  
  141  9:06  SCV  
  141  9:09  SCV, Hellion  
  140  9:14  Hellion  
  140  9:15  SCV  
  140  9:19  SCV  
  140  9:21  SCV  
  140  9:27  SCV  
  147  9:31  SCV  
  147  9:34  SCV  
  148  9:47  Command Center  
Tags
 
Add a new tag
Caveats
  • Supply blocks, unpowered buildings, or Contaminate may cause inaccurate times.
  • Supply counts are checked every 10 seconds.